[Event "Titled Tuesday Blitz April 19 Early 2022"]
[White "Samarth, J Rao"]
[Black "Kotepalli, Sai Nirupama"]
[WhiteFideId "46652370"]
[BlackFideId "5039444"]
[WhiteElo "1514"]
[BlackElo "2423"]
[Result "1-0"]
[Round "05"]
[TimeControl "180+1"]
[Date "2022.04.19"]
[WhiteClock "0:01:52"]
[BlackClock "0:01:14"]

1. c4 Nc6 2. d4 d6 3. Nc3 Nf6 4. e4 e5 5. Nge2 g6 6. f3 Bg7 7. Be3 O-O 8. Qd2 a6 9. d5 Ne7 10. g4 h5 11. g5 Nh7 12. O-O-O b5 13. cxb5 axb5 14. a3 Ba6 15. Kb1 Qb8 16. b4 f5 17. gxf6 Rxf6 18. Rg1 Rxf3 19. Ng3 Qf8 20. Be2 Rf7 21. h4 Kh8 22. Rdf1 Bf6 23. Bh6 Bg7 24. Rxf7 Qxf7 25. Bxg7+ Qxg7 26. Nxh5 Qf7 27. Rf1 Qg8 28. Nf6 Qg7 29. Nxh7 Kxh7 30. Qg5 Rf8 31. Rh1 Qf6 32. Qxf6 Rxf6 33. Bxb5 Bxb5 34. Nxb5 c6 35. dxc6 Nxc6 36. Rd1 Nd4 37. Nxd4 exd4 38. Rxd4 Rf4 39. b5 Rxh4 40. b6 Rh3 41. Rb4 1-0


[Site "https://www.chess.com"]

[Event "Titled Tuesday Blitz April 19 Early 2022"]
[White "Sanchez Alvares, Kelvin Antonio"]
[Black "Zaksaite, Salomeja"]
[WhiteFideId "3906680"]
[BlackFideId "12801496"]
[WhiteElo "2193"]
[BlackElo "1953"]
[Result "1-0"]
[Round "05"]
[TimeControl "180+1"]
[Date "2022.04.19"]
[WhiteClock "0:01:38"]
[BlackClock "0:00:01"]

1. e4 c5 2. Nf3 e6 3. d4 cxd4 4. Nxd4 Nf6 5. Nc3 Nc6 6. Ndb5 d6 7. Bf4 e5 8. Bg5 a6 9. Na3 b5 10. Nd5 Be7 11. Bxf6 Bxf6 12. c4 b4 13. Nc2 O-O 14. h4 Rb8 15. b3 g6 16. h5 Bg5 17. g3 Be6 18. Bh3 Ne7 19. hxg6 hxg6 20. Bxe6 fxe6 21. Qg4 exd5 22. Qxg5 dxe4 23. Qh4 Kf7 24. O-O-O Ke6 25. Rd2 Rh8 26. Qxe4 Rxh1+ 27. Qxh1 Nf5 28. Qd5+ Kf6 29. g4 Ne7 30. Qxd6+ Qxd6 31. Rxd6+ Kf7 32. Rxa6 Rh8 33. Nxb4 Rh2 34. Nd3 e4 35. Ne5+ Kf8 36. Nxg6+ Nxg6 37. Rxg6 Rxf2 38. Rg5 Rxa2 39. Re5 1-0


[Site "https://www.chess.com"]

[Event "Titled Tuesday Blitz April 19 Early 2022"]
[White "Sapunov, Evgeny"]
[Black "Mortazavi, Ali"]
[WhiteFideId "4126661"]
[BlackFideId "401323"]
[WhiteElo "2470"]
[BlackElo "2339"]
[Result "1-0"]
[Round "05"]
[TimeControl "180+1"]
[Date "2022.04.19"]
[WhiteClock "0:00:33"]
[BlackClock "0:00:10"]

1. c4 Nf6 2. Nf3 g6 3. Nc3 Bg7 4. e4 O-O 5. d4 d6 6. Be2 Bg4 7. Be3 Nbd7 8. O-O e5 9. d5 a5 10. a3 b6 11. b4 Nh5 12. h3 Bxf3 13. Bxf3 Nf4 14. Kh2 f5 15. g3 axb4 16. axb4 Rxa1 17. Qxa1 Nd3 18. Qb1 Nf4 19. exf5 gxf5 20. gxf4 exf4 21. Bd2 Ne5 22. Qd1 Nxc4 23. Qe2 Ne5 24. Rg1 Qh4 25. Nb5 Rf6 26. Nd4 Rh6 27. Rxg7+ Kh8 28. Qf1 Ng4+ 29. Rxg4 fxg4 30. Bxg4 Qxg4 31. Ne6 Kg8 32. Bxf4 Kf7 33. Bxh6 1-0


[Site "https://www.chess.com"]

[Event "Titled Tuesday Blitz April 19 Early 2022"]
[White "Sarana, Alexey"]
[Black "Mitrabha, Guha"]
[WhiteFideId "24133795"]
[BlackFideId "5057000"]
[WhiteElo "2666"]
[BlackElo "2468"]
[Result "1-0"]
[Round "05"]
[TimeControl "180+1"]
[Date "2022.04.19"]
[WhiteClock "0:00:40"]
[BlackClock "0:00:15"]

1. d4 Nf6 2. c4 c5 3. d5 b5 4. cxb5 a6 5. Nc3 axb5 6. e4 b4 7. Nb5 d6 8. Bf4 g6 9. e5 Nh5 10. exd6 exd6 11. Qe2+ Kd7 12. Be3 Ba6 13. Nf3 Qa5 14. Ng5 Bxb5 15. Qxb5+ Qxb5 16. Bxb5+ Ke7 17. O-O-O h6 18. Rhe1 Kf6 19. Ne4+ Kg7 20. Kb1 f5 21. Nd2 f4 22. Bxc5 dxc5 23. Nc4 Nf6 24. Re6 Nbd7 25. Rc6 Ra7 26. d6 Kf7 27. Rc7 Rxc7 28. dxc7 Nb6 29. Nxb6 1-0


[Site "https://www.chess.com"]

[Event "Titled Tuesday Blitz April 19 Early 2022"]
[White "Schekachikhin, Maksim"]
[Black "Melikhov, Evgeny V."]
[WhiteFideId "24177830"]
[BlackFideId "4122046"]
[WhiteElo "2230"]
[BlackElo "1931"]
[Result "1-0"]
[Round "05"]
[TimeControl "180+1"]
[Date "2022.04.19"]
[WhiteClock "0:01:20"]
[BlackClock "0:00:35"]

1. d4 Nf6 2. c4 e6 3. Nc3 Bb4 4. e3 b6 5. Bd3 Bb7 6. Nf3 Be4 7. O-O Bxd3 8. Qxd3 Bxc3 9. Qxc3 d5 10. b3 O-O 11. Ba3 c5 12. dxc5 Qe7 13. cxb6 Qxa3 14. b7 Nbd7 15. bxa8=Q Rxa8 16. cxd5 Nxd5 17. Qc6 N7b6 18. Rfc1 h6 19. Qc5 Qb2 20. a4 Rc8 21. Qxc8+ Nxc8 22. Rxc8+ Kh7 23. Rac1 Qxb3 24. a5 Qb5 25. R8c5 Qe2 26. h3 f5 27. Nd4 Qd3 28. Nxe6 Nxe3 29. Rc7 Kg6 30. Nf4+ 1-0


[Site "https://www.chess.com"]

[Event "Titled Tuesday Blitz April 19 Early 2022"]
[White "Seo, Jung Min"]
[Black "Di Nicolantonio, Lucas"]
[WhiteFideId "1734687"]
[BlackFideId "680460"]
[WhiteElo "2401"]
[BlackElo "2381"]
[Result "1-0"]
[Round "05"]
[TimeControl "180+1"]
[Date "2022.04.19"]
[WhiteClock "0:00:19"]
[BlackClock "0:00:02"]

1. d4 g6 2. e4 Bg7 3. Nc3 d6 4. Nf3 a6 5. a4 b6 6. Bd3 Bb7 7. Qe2 Nd7 8. Be3 c5 9. O-O cxd4 10. Bxd4 Ngf6 11. Nd5 O-O 12. Nxf6+ Nxf6 13. b3 Qc7 14. Rfe1 Nd7 15. Bxg7 Kxg7 16. Qe3 Qc5 17. Qf4 b5 18. h4 b4 19. Rad1 Ne5 20. Nxe5 dxe5 21. Qg3 h5 22. Bc4 Rad8 23. Rd3 Rd4 24. Rxd4 Qxd4 25. Bd3 a5 26. Kh2 Rc8 27. Re3 Rc3 28. Qg5 Qd6 29. Rf3 f6 30. Qe3 Qc5 31. Qe2 Bc8 32. Rg3 Bg4 33. Qe1 Qd4 34. Re3 Be6 35. Qe2 Qc5 36. Rg3 Bg4 37. Qe1 Be6 38. Re3 Qd4 39. Qe2 Bg4 40. f3 Be6 41. g4 hxg4 42. fxg4 Qd7 43. g5 fxg5 44. hxg5 Bg4 45. Qf2 Bd1 46. Rh3 Qg4 47. Rg3 Qh4+ 48. Kg2 Qf4 49. Qa7 Qd2+ 50. Kh3 1-0


[Site "https://www.chess.com"]

[Event "Titled Tuesday Blitz April 19 Early 2022"]
[White "Shimanov, Aleksandr"]
[Black "Matlakov, Maxim"]
[WhiteFideId "4198603"]
[BlackFideId "4168003"]
[WhiteElo "2636"]
[BlackElo "2669"]
[Result "1-0"]
[Round "05"]
[TimeControl "180+1"]
[Date "2022.04.19"]
[WhiteClock "0:00:10"]
[BlackClock "0:00:12"]

1. d4 d5 2. Nc3 Nf6 3. Bf4 e6 4. Nb5 Bb4+ 5. c3 Ba5 6. e3 a6 7. Na3 O-O 8. Nf3 Nbd7 9. Be2 c6 10. O-O Bc7 11. Nc2 Re8 12. c4 e5 13. dxe5 Nxe5 14. Nxe5 Bxe5 15. Bxe5 Rxe5 16. Nd4 Re8 17. Rc1 c5 18. Nf3 b6 19. cxd5 Qxd5 20. Bc4 Qh5 21. Be2 Bb7 22. a4 Qd5 23. Bc4 Qf5 24. Qc2 Qxc2 25. Rxc2 Rad8 26. Rd2 Rxd2 27. Nxd2 Rd8 28. Nb1 Ne4 29. f3 Nd2 30. Nxd2 Rxd2 31. Rf2 Rd8 32. Rc2 Kf8 33. Kf2 Ke7 34. Ke2 Bc6 35. b3 b5 36. axb5 axb5 37. Bd3 Kd6 38. Ra2 Bd5 39. Ra6+ Ke7 40. Ra7+ Kf8 41. Bxb5 Bxb3 42. Rc7 c4 43. Bxc4 Bxc4+ 44. Rxc4 h5 45. e4 g6 46. Ke3 Kg7 47. Rc2 Rd1 48. Kf4 Rh1 49. Kg3 Ra1 50. h4 Ra4 51. Kf4 Rb4 52. g3 Ra4 53. Rc5 Rb4 54. Rc3 Ra4 55. Ke5 Ra5+ 56. Kd4 Ra4+ 57. Ke3 Ra1 58. Rd3 Re1+ 59. Kf4 Ra1 60. g4 hxg4 61. Kxg4 Rg1+ 62. Kh3 Rh1+ 63. Kg3 Rg1+ 64. Kh2 Ra1 65. Rd5 Rf1 66. Kg2 Ra1 67. h5 gxh5 68. Rxh5 Kf6 69. Kg3 Kg7 70. Kf4 Rf1 71. Rb5 Kf6 72. Rb6+ Kg7 73. e5 Rf2 74. Ke4 Rf1 75. f4 Rh1 76. Kf5 Rh6 77. Rxh6 1-0


[Site "https://www.chess.com"]

[Event "Titled Tuesday Blitz April 19 Early 2022"]
[White "Shimelkov, Vasiliy"]
[Black "Gracia Alvarez, Gerardo Antonio"]
[WhiteFideId "13701630"]
[BlackFideId "5109124"]
[WhiteElo "2073"]
[BlackElo "2139"]
[Result "0-1"]
[Round "05"]
[TimeControl "180+1"]
[Date "2022.04.19"]
[WhiteClock "0:00:18"]
[BlackClock "0:01:03"]

1. d4 Nf6 2. c4 c5 3. d5 b5 4. cxb5 a6 5. bxa6 g6 6. Nc3 Bg7 7. Nf3 O-O 8. g3 d6 9. Bg2 Nbd7 10. O-O Nb6 11. Rb1 Bf5 12. Ra1 Ne4 13. Nxe4 Bxe4 14. Ne1 Bxg2 15. Nxg2 Rxa6 16. Nf4 Qa8 17. a3 Rb8 18. e4 Nc4 19. Nd3 Nxb2 20. Bxb2 Bxb2 21. Nxb2 Rxb2 22. Qd3 Qb7 23. Rab1 Rxa3 24. Qxa3 Rxb1 25. Qa4 Kg7 26. Rxb1 Qxb1+ 27. Kg2 Qd3 28. Qa1+ f6 29. Qe1 c4 30. f4 c3 31. e5 fxe5 32. fxe5 Qxd5+ 33. Kf1 Qxe5 34. Qd1 Qe4 35. h4 Qh1+ 0-1


[Site "https://www.chess.com"]

[Event "Titled Tuesday Blitz April 19 Early 2022"]
[White "Shipov, Sergei"]
[Black "Postnikov, Daniil"]
[WhiteFideId "4113624"]
[BlackFideId "4166329"]
[WhiteElo "2791"]
[BlackElo "2261"]
[Result "0-1"]
[Round "05"]
[TimeControl "180+1"]
[Date "2022.04.19"]
[WhiteClock "0:01:20"]
[BlackClock "0:01:06"]

1. d4 Nf6 2. c4 g6 3. Nc3 Bg7 4. e4 d6 5. Nf3 O-O 6. Be2 e5 7. Be3 exd4 8. Nxd4 Re8 9. f3 c6 10. Bf2 d5 11. exd5 cxd5 12. O-O Nc6 13. c5 Nh5 14. Qd2 Be5 15. g3 Ng7 16. Rfd1 Bf5 17. Bb5 Bxd4 18. Bxd4 Ne6 19. Ne2 h5 20. Bf2 Ne5 21. Kg2 Nxf3 22. Qe3 Be4 23. Bxe8 Qxe8 24. Nc3 Nh4+ 25. Kg1 Nf3+ 26. Kg2 Nh4+ 27. Kf1 Nf5 28. Qe2 Ng5 29. Nxd5 Bg2+ 0-1


[Site "https://www.chess.com"]

[Event "Titled Tuesday Blitz April 19 Early 2022"]
[White "Shirov, Alexei"]
[Black "Hua, Lefong"]
[WhiteFideId "2209390"]
[BlackFideId "2602253"]
[WhiteElo "2678"]
[BlackElo "2595"]
[Result "1-0"]
[Round "05"]
[TimeControl "180+1"]
[Date "2022.04.19"]
[WhiteClock "0:00:52"]
[BlackClock "0:00:14"]

1. e4 c5 2. Nc3 g6 3. d4 cxd4 4. Qxd4 Nf6 5. Nf3 Nc6 6. Qa4 d6 7. e5 dxe5 8. Nxe5 Bg7 9. Nxc6 bxc6 10. Be2 O-O 11. O-O Nd5 12. Ne4 Nb6 13. Qb3 Be6 14. Qg3 Qd4 15. Bf3 Bd5 16. c3 Qe5 17. Bf4 Qf5 18. Rfe1 h5 19. Qh4 e5 20. Bg3 Rad8 21. b3 Qe6 22. Nc5 Qf6 23. Qxf6 Bxf6 24. Bxe5 Bxe5 25. Rxe5 Bxf3 26. gxf3 Rd2 27. Ne4 Rc2 28. c4 Kg7 29. Re7 Rd8 30. Rxa7 Rd7 31. Rxd7 Nxd7 32. a4 Ne5 33. a5 Nxf3+ 34. Kg2 Nd4 35. a6 1-0


[Site "https://www.chess.com"]

[Event "Titled Tuesday Blitz April 19 Early 2022"]
[White "Shyaamnikhil P"]
[Black "Babazada, Khazar"]
[WhiteFideId "5024218"]
[BlackFideId "13413554"]
[WhiteElo "2329"]
[BlackElo "2406"]
[Result "0-1"]
[Round "05"]
[TimeControl "180+1"]
[Date "2022.04.19"]
[WhiteClock "0:00:12"]
[BlackClock "0:01:12"]

1. Nc3 d5 2. d4 Nf6 3. Bf4 Bf5 4. e3 e6 5. Bd3 Bg6 6. h4 Bd6 7. Nf3 Bxf4 8. exf4 Nbd7 9. Ne5 Bxd3 10. Qxd3 h5 11. O-O-O g6 12. Rhe1 Nxe5 13. fxe5 Ng4 14. Qg3 Nh6 15. Qf4 Nf5 16. g3 c6 17. Ne2 Qe7 18. Qd2 O-O-O 19. Nf4 Kb8 20. Qc3 Rc8 21. Nd3 b6 22. Kb1 Kb7 23. b4 Ra8 24. a3 a5 25. Kb2 axb4 26. axb4 Ra4 27. Ra1 Rha8 28. Rxa4 Rxa4 29. Ra1 Rxa1 30. Kxa1 Qf8 31. Kb2 Qa8 32. b5 cxb5 33. Nb4 Qc8 34. Qxc8+ Kxc8 35. Kc3 Kd7 36. Kd3 Nh6 37. Na2 Ng4 38. Ke2 Kc7 39. Nb4 Nh6 40. Ke3 Nf5+ 41. Kd3 Ne7 42. Na2 Nc6 43. Nc3 Nb4+ 44. Kd2 Kc6 45. Ne2 Na6 46. Nf4 b4 47. Nh3 Kd7 48. Ng5 Ke7 49. Nf3 Nb8 50. Kd3 Nc6 51. Nd2 Na5 52. Nf1 b3 53. cxb3 Nxb3 54. Ne3 Kd7 55. Kc3 Na5 56. f3 Nc6 57. g4 Ne7 58. gxh5 gxh5 59. Kb4 Ng6 60. Ng2 Kc6 61. Ka4 Ne7 62. Kb4 Nf5 63. Kc3 Kb5 64. Nf4 Nxh4 65. Nxh5 Nxf3 66. Nf6 Ka4 67. Nd7 b5 68. Nc5+ Ka3 69. Na6 Ng5 0-1


[Site "https://www.chess.com"]

[Event "Titled Tuesday Blitz April 19 Early 2022"]
[White "Silva Lucena, Cristian"]
[Black "Kim, Sergey"]
[WhiteFideId "2232588"]
[BlackFideId "13700570"]
[WhiteElo "2223"]
[BlackElo "2583"]
[Result "1-0"]
[Round "05"]
[TimeControl "180+1"]
[Date "2022.04.19"]
[WhiteClock "0:00:07"]
[BlackClock "0:00:37"]

1. d4 Nf6 2. c4 g6 3. Nc3 Bg7 4. Nf3 d6 5. g3 O-O 6. Bg2 Nbd7 7. O-O e5 8. dxe5 dxe5 9. Bg5 h6 10. Bc1 Re8 11. Nd5 c6 12. Nxf6+ Qxf6 13. Nd2 Qe7 14. Ne4 Rd8 15. Qd6 Qxd6 16. Nxd6 Nc5 17. Nxc8 Raxc8 18. Be3 Na4 19. Rab1 Nb6 20. b3 f5 21. a4 e4 22. Rfd1 Kf7 23. g4 Ke6 24. gxf5+ gxf5 25. f3 exf3 26. Bxf3 Be5 27. Kh1 h5 28. Rg1 Rg8 29. Rbd1 Nd7 30. a5 a6 31. b4 Nf6 32. b5 Ng4 33. Bxg4 hxg4 34. bxc6 Rxc6 35. c5 Rh8 36. Rg2 Rc7 37. Rb1 Rch7 38. Rb6+ Kd5 39. Kg1 Bxh2+ 40. Kf1 Be5 41. Ke1 f4 42. Bg1 g3 43. Kd2 Rd7 44. c6 bxc6 45. Rxa6 Ke4+ 46. Kc2 Rb8 47. Rxc6 Rb2+ 48. Kc1 Ra2 49. Rc4+ Kf5 50. e4+ Kg4 51. Rxa2 f3 52. a6 f2 53. Bxf2 gxf2 54. Rxf2 Bf4+ 55. Kb1 Be3 56. Ra2 Kf4 57. a7 Bxa7 58. Rca4 Be3 59. Rc2 Rb7+ 60. Ka2 Re7 61. Rcc4 Kf3 62. Kb3 Bf4 63. Rc3+ Kg4 64. Kc4 Be5 65. Rd3 Kf4 66. Rd5 Rc7+ 67. Rc5 Rd7 68. Kb5 Rd3 69. Rc6 Rb3+ 70. Ka6 Rd3 71. Rcc4 Rd2 72. Kb7 Rd3 73. Kc6 Rd2 74. Kb5 Rd3 75. Rab4 Rd2 76. Rb3 Rd7 77. Kc6 Rd6+ 78. Kc5 Rd2 79. Rb1 Rf2 80. Rh1 Rf3 81. Rh7 Ke3 82. Kd5 Bf4 83. Rc3+ Kf2 84. Rxf3+ Kxf3 85. Rf7 Kg4 86. Rxf4+ Kxf4 87. e5 1-0


[Site "https://www.chess.com"]

[Event "Titled Tuesday Blitz April 19 Early 2022"]
[White "Skytte, Rasmus"]
[Black "Kaiyrbekov, Rustam"]
[WhiteFideId "1404210"]
[BlackFideId "13702424"]
[WhiteElo "2430"]
[BlackElo "2134"]
[Result "0-1"]
[Round "05"]
[TimeControl "180+1"]
[Date "2022.04.19"]
[WhiteClock "0:00:02"]
[BlackClock "0:00:24"]

1. e4 c5 2. Nf3 Nc6 3. d4 cxd4 4. Nxd4 Nf6 5. Nc3 e5 6. Ndb5 d6 7. Nd5 Nxd5 8. exd5 Ne7 9. a4 Nf5 10. Bd3 g6 11. O-O Bg7 12. c4 O-O 13. Rb1 a6 14. Nc3 Nd4 15. b4 f5 16. c5 e4 17. Bc4 Nf3+ 18. gxf3 Bxc3 19. Bf4 Be5 20. Bxe5 dxe5 21. d6+ Kg7 22. Qd5 Qf6 23. b5 f4 24. Kh1 exf3 25. c6 Bh3 26. Rg1 Bg2+ 27. Rxg2 fxg2+ 28. Kxg2 f3+ 29. Kh1 axb5 30. axb5 Qg5 31. Rg1 Ra1 32. Bf1 Rxf1 33. Qxe5+ Rf6 34. Qe7+ Kh6 0-1


[Site "https://www.chess.com"]

[Event "Titled Tuesday Blitz April 19 Early 2022"]
[White "Sliwicki, Damian"]
[Black "Hernandez Bermudez, Ulises Eduardo"]
[WhiteFideId "1127128"]
[BlackFideId "3902510"]
[WhiteElo "2084"]
[BlackElo "2056"]
[Result "1-0"]
[Round "05"]
[TimeControl "180+1"]
[Date "2022.04.19"]
[WhiteClock "0:00:20"]
[BlackClock "0:01:26"]

1. e4 c5 2. Nf3 d6 3. d4 cxd4 4. Qxd4 Nc6 5. Bb5 Bd7 6. Bxc6 Bxc6 7. Nc3 Nf6 8. Bg5 e6 9. O-O-O Be7 10. Kb1 Rc8 11. Rhe1 Qc7 12. e5 dxe5 13. Nxe5 O-O 14. Qh4 Rfd8 15. Rxd8+ Rxd8 16. Ng4 Nxg4 17. Bxe7 Re8 18. Bg5 Ne5 19. Qg3 f6 20. Bxf6 Qf7 21. Bxe5 Rf8 22. a3 g6 23. Qh4 Qxf2 24. Bg3 Qxg2 25. Qe7 Re8 26. Qf6 Bd5 27. Be5 1-0


[Site "https://www.chess.com"]

[Event "Titled Tuesday Blitz April 19 Early 2022"]
[White "Sovetbekova, Nurai"]
[Black "Mangialardo, Tiago Carvalho"]
[WhiteFideId "13801910"]
[BlackFideId "2130718"]
[WhiteElo "1538"]
[BlackElo "2031"]
[Result "0-1"]
[Round "05"]
[TimeControl "180+1"]
[Date "2022.04.19"]
[WhiteClock "0:00:13"]
[BlackClock "0:00:03"]

1. d4 Nf6 2. c4 c5 3. d5 g6 4. g3 Bg7 5. Bg2 O-O 6. Nf3 d6 7. O-O e6 8. Nc3 exd5 9. cxd5 Re8 10. Bf4 Nh5 11. Bg5 Qb6 12. Qd2 Nd7 13. Rac1 Ndf6 14. Na4 Qb5 15. Nc3 Qa5 16. Rfe1 b5 17. b3 b4 18. Na4 Bd7 19. a3 Ne4 20. axb4 cxb4 21. Qd3 Bb5 22. Qb1 Nc3 23. Nxc3 Bxc3 24. e4 Bxe1 25. Rxe1 f5 26. exf5 Rxe1+ 27. Qxe1 Re8 28. Qc1 Bd3 29. fxg6 Bxg6 30. Nd4 Ng7 31. Ne6 Nxe6 32. dxe6 Rxe6 33. Qc4 Bf7 34. Bd5 Re7 35. Bxe7 Bxd5 36. Qc8+ Kf7 37. Qf8+ Ke6 38. Qf6+ Kd7 39. Qxd6+ Ke8 40. Qd8+ Qxd8 41. Bxd8 Kxd8 42. Kf1 Bxb3 43. Ke2 Bc4+ 0-1


[Site "https://www.chess.com"]

[Event "Titled Tuesday Blitz April 19 Early 2022"]
[White "SsanderSseverino"]
[Black "Kovalenko, Igor"]
[BlackFideId "14117908"]
[WhiteElo "2521"]
[BlackElo "2560"]
[Result "0-1"]
[Round "05"]
[TimeControl "180+1"]
[Date "2022.04.19"]
[WhiteClock "0:00:17"]
[BlackClock "0:01:01"]

1. d4 Nf6 2. Bg5 Ne4 3. Bf4 d5 4. Nd2 Bf5 5. Nxe4 Bxe4 6. f3 Bg6 7. Qd2 e6 8. O-O-O Bd6 9. Bxd6 Qxd6 10. e3 c5 11. dxc5 Qxc5 12. Bd3 Nc6 13. Ne2 Rc8 14. Kb1 a5 15. Nd4 Bxd3 16. Qxd3 Nxd4 17. exd4 Qc4 18. Qxc4 Rxc4 19. b3 Rc6 20. a4 Ke7 21. Rd3 Rhc8 22. Rc1 Kd6 23. Kb2 g5 24. c3 h5 25. Re1 Rg8 26. h3 h4 27. Re5 f6 28. Re1 Rgc8 29. Red1 Ke7 30. Re3 Kf7 31. Rde1 Rd8 32. R1e2 Rdd6 33. Rc2 Kg6 34. Rd3 Kf5 35. b4 Rc4 36. Kb3 Rb6 37. b5 Rd6 38. Re2 Rd7 39. Rde3 Re7 40. Re1 Rc8 41. R1e2 Rd8 42. Re1 Rd6 43. R1e2 Kf4 44. Kc2 e5 45. Kd3 Rde6 46. c4 dxc4+ 47. Kxc4 b6 48. Re4+ Kf5 49. dxe5 fxe5 50. g4+ hxg3 51. Rg2 Rc7+ 52. Kb3 Rd6 53. Rxg3 Rd3+ 54. Kb2 Rd2+ 55. Kb3 Rdc2 56. Re3 R2c4 57. Rg4 Rf4 58. Rd3 Rh7 59. Rg3 Rb4+ 60. Ka3 Rhh4 61. Rd6 Rxa4+ 62. Kb3 Rhb4+ 63. Kc3 Rc4+ 0-1


[Site "https://www.chess.com"]

[Event "Titled Tuesday Blitz April 19 Early 2022"]
[White "Stefanov, Plamen"]
[Black "Bilych, Olexiy"]
[WhiteFideId "2900980"]
[BlackFideId "14156504"]
[WhiteElo "2137"]
[BlackElo "2176"]
[Result "0-1"]
[Round "05"]
[TimeControl "180+1"]
[Date "2022.04.19"]
[WhiteClock "0:00:16"]
[BlackClock "0:00:33"]

1. e4 c5 2. Nf3 d6 3. d4 cxd4 4. Nxd4 Nf6 5. Nc3 a6 6. h3 e5 7. Nde2 h5 8. g3 b5 9. Bg2 Nbd7 10. Be3 Bb7 11. Nd5 Bxd5 12. exd5 g6 13. O-O Bg7 14. c3 O-O 15. Qd2 Nb6 16. b3 Rc8 17. Rad1 Re8 18. Bg5 Qc7 19. Kh2 e4 20. f3 exf3 21. Bxf3 Nfxd5 22. Nf4 Ne3 23. Nd5 Nbxd5 24. Bxd5 Nxd5 25. Qxd5 Re5 26. Qd2 Qxc3 27. Bf4 Qxd2+ 28. Rxd2 Re4 29. Bxd6 Rd8 30. Rfd1 Bh6 31. Bf4 Rxd2+ 32. Rxd2 Bxf4 33. gxf4 Rxf4 34. Kg3 Rf5 35. Rd6 a5 36. Ra6 b4 37. Ra8+ Kg7 38. Ra7 Rd5 39. Ra6 f6 40. Ra7+ Kh6 41. Ra6 Kg5 42. Ra7 h4+ 43. Kf3 f5 44. Ra6 Rd3+ 45. Ke2 Rxh3 46. Rxa5 Rg3 47. Ra4 h3 48. Kf2 h2 49. Kxg3 h1=Q 50. Kf2 Qe4 51. a3 Qc2+ 52. Kf1 bxa3 53. Rxa3 Qc1+ 0-1


[Site "https://www.chess.com"]

[Event "Titled Tuesday Blitz April 19 Early 2022"]
[White "Suarez Uriel, Adrian"]
[Black "Baker, Chris W"]
[WhiteFideId "22230874"]
[BlackFideId "401676"]
[WhiteElo "2316"]
[BlackElo "2195"]
[Result "0-1"]
[Round "05"]
[TimeControl "180+1"]
[Date "2022.04.19"]
[WhiteClock "0:02:17"]
[BlackClock "0:01:37"]

1. d4 Nf6 2. c4 e6 3. Nc3 Bb4 4. e3 b6 5. Bd2 c5 6. Qf3 Nc6 7. d5 Ne5 8. Qg3 Ng6 9. h4 Bxc3 10. Bxc3 Ne4 11. Qg4 f5 12. Qd1 Nxc3 13. bxc3 Qf6 14. Qd2 O-O 15. Nf3 Ba6 16. Be2 exd5 17. cxd5 Bxe2 18. Kxe2 d6 19. h5 Ne5 20. h6 g6 21. Nxe5 Qxe5 22. c4 f4 23. Rh3 Qxa1 0-1


[Site "https://www.chess.com"]

[Event "Titled Tuesday Blitz April 19 Early 2022"]
[White "Sukandar, Irine Kharisma"]
[Black "Gulevich, Artem"]
[WhiteFideId "7101937"]
[BlackFideId "24119580"]
[WhiteElo "2293"]
[BlackElo "2218"]
[Result "1-0"]
[Round "05"]
[TimeControl "180+1"]
[Date "2022.04.19"]
[WhiteClock "0:01:42"]
[BlackClock "0:00:39"]

1. d4 d5 2. Bf4 Nf6 3. e3 e6 4. Nf3 c5 5. Nc3 Bd6 6. Ne5 a6 7. dxc5 Bxc5 8. Bd3 Nc6 9. O-O Bd6 10. Nxc6 bxc6 11. Bxd6 Qxd6 12. e4 d4 13. Na4 Nd7 14. Qh5 e5 15. f4 O-O 16. f5 f6 17. Rf3 Nc5 18. Bc4+ Kh8 19. Qxh7+ 1-0


[Site "https://www.chess.com"]

[Event "Titled Tuesday Blitz April 19 Early 2022"]
[White "Svane, Frederik"]
[Black "Dev, Shah"]
[WhiteFideId "12923044"]
[BlackFideId "35019058"]
[WhiteElo "2459"]
[BlackElo "2075"]
[Result "1-0"]
[Round "05"]
[TimeControl "180+1"]
[Date "2022.04.19"]
[WhiteClock "0:00:05"]
[BlackClock "0:01:46"]

1. e4 e5 2. Nf3 Nc6 3. Bb5 a6 4. Ba4 Nf6 5. Nc3 b5 6. Bb3 Bc5 7. O-O d6 8. Nd5 Bg4 9. c3 O-O 10. d4 exd4 11. Bg5 dxc3 12. bxc3 Ne5 13. Kh1 c6 14. Nxf6+ gxf6 15. Bh6 Re8 16. Rg1 Bxf2 17. Rf1 Bh4 18. Qd2 Bxf3 19. gxf3 Bg5 20. Bxg5 fxg5 21. f4 gxf4 22. Qxf4 Qe7 23. Rf2 Ra7 24. Qh6 Rf8 25. Rg1+ Ng6 26. Rxg6+ hxg6 27. Qxg6+ Kh8 28. Qh6+ Kg8 29. Rg2+ Qg5 30. Rxg5# 1-0


[Site "https://www.chess.com"]

[Event "Titled Tuesday Blitz April 19 Early 2022"]
[White "Swicarz, Maciej"]
[Black "Gu, Xiaobing"]
[WhiteFideId "1113585"]
[BlackFideId "8602611"]
[WhiteElo "2057"]
[BlackElo "2174"]
[Result "0-1"]
[Round "05"]
[TimeControl "180+1"]
[Date "2022.04.19"]
[WhiteClock "0:01:06"]
[BlackClock "0:00:41"]

1. e4 c5 2. Nc3 d6 3. d4 cxd4 4. Qxd4 Nc6 5. Qd2 Nf6 6. b3 g6 7. Bb2 Bg7 8. O-O-O O-O 9. Kb1 a5 10. f3 Be6 11. g4 Nd7 12. h4 a4 13. Nxa4 Rxa4 14. bxa4 Qb6 15. Bb5 Bxb2 16. Kxb2 Ra8 17. Ka1 Nc5 18. Rb1 Bxa2 19. Rb2 Bc4 20. Kb1 Bxb5 21. axb5 Ne5 22. Qe2 Qa7 23. Kc1 Qa1+ 24. Rb1 Qc3 25. f4 Ra2 26. fxe5 Rxc2+ 27. Qxc2 Nd3+ 28. Kd1 Qe1# 0-1


[Site "https://www.chess.com"]

[Event "Titled Tuesday Blitz April 19 Early 2022"]
[White "Sztokbant, Bernardo Vainzoff"]
[Black "Fernandez Siles, Luis"]
[WhiteFideId "2115956"]
[BlackFideId "2209420"]
[WhiteElo "2225"]
[BlackElo "2212"]
[Result "1-0"]
[Round "05"]
[TimeControl "180+1"]
[Date "2022.04.19"]
[WhiteClock "0:00:51"]
[BlackClock "0:00:01"]

1. e4 e5 2. Nf3 Nc6 3. Bb5 a6 4. Bxc6 dxc6 5. d4 exd4 6. Qxd4 Qxd4 7. Nxd4 g6 8. Nc3 Bg7 9. Be3 c5 10. Nde2 b6 11. O-O-O Ne7 12. Bf4 Ra7 13. Rd2 Be6 14. Rhd1 Nc6 15. Be3 O-O 16. Nd5 Bxd5 17. Rxd5 Nb4 18. Rd7 Nxa2+ 19. Kb1 Nb4 20. Bf4 Nc6 21. Bxc7 Nd4 22. Nc3 Be5 23. Nd5 Bxc7 24. Rxc7 Rxc7 25. Nxc7 a5 26. c3 Ne6 27. Nxe6 fxe6 28. f3 g5 29. h3 h5 30. Rd6 Kf7 31. Rxb6 g4 32. hxg4 hxg4 33. fxg4 Rg8 34. Rb5 Rxg4 35. Rxc5 Rxe4 36. Rxa5 Rg4 37. b4 Rxg2 38. b5 Ke7 39. Ra6 Kd7 40. c4 e5 41. Ra7+ Kd6 42. b6 Kc6 43. c5 1-0


[Site "https://www.chess.com"]

[Event "Titled Tuesday Blitz April 19 Early 2022"]
[White "Tan, Jun Ying"]
[Black "Pourkashiyan, Atousa"]
[WhiteFideId "5710413"]
[BlackFideId "12502014"]
[WhiteElo "1827"]
[BlackElo "2247"]
[Result "0-1"]
[Round "05"]
[TimeControl "180+1"]
[Date "2022.04.19"]
[WhiteClock "0:00:07"]
[BlackClock "0:00:18"]

1. Nf3 d5 2. c4 e6 3. e3 Nf6 4. b3 Be7 5. Bb2 O-O 6. Be2 c5 7. O-O Nc6 8. d4 cxd4 9. exd4 dxc4 10. bxc4 b6 11. Nc3 Bb7 12. Rc1 Rc8 13. Qb3 Na5 14. Qa4 Bc6 15. Qc2 Bxf3 16. Bxf3 Nxc4 17. Ba1 Ba3 18. Rcd1 Bb4 19. Qd3 Nd6 20. d5 Bxc3 21. Bxc3 Nxd5 22. Bxd5 exd5 23. Qd4 Nf5 24. Qe5 Re8 25. Qxf5 Rxc3 26. Rxd5 Qf6 27. Qd7 Qe6 28. Qa4 Rec8 29. Qd4 h6 30. h3 Rc2 31. a3 Re8 32. Rd7 a5 33. Rd6 Qe2 34. Rd1 Re4 35. Qxb6 Rf4 36. Rd8+ Kh7 37. Rf1 Re4 38. Qb1 g6 39. Rd7 Rb2 40. Qd1 Qxd1 41. Rfxd1 Kg7 42. Rf1 Ra2 43. a4 Raxa4 44. Rc1 Rad4 45. Rcc7 Rxd7 46. Rxd7 a4 47. Ra7 Re1+ 48. Kh2 Ra1 49. Kg3 a3 50. f3 Kf6 51. Kf2 h5 52. Ke2 Ke5 53. g3 a2 54. Ke3 Re1+ 55. Kf2 a1=Q 56. Rxa1 Rxa1 57. f4+ Kf5 0-1


[Site "https://www.chess.com"]